 Dungeon Crawl Stone Soup version 0.27-a0-1502-g47ed6a6988 (webtiles) character file.

Game seed: 10273345092148341124

68 Kold the Chopper (level 4, 33/33 HPs)
             Began as a Demonspawn Gladiator on July 9, 2021.
             Was a Follower of Trog.
             Quit the game on level 3 of the Dungeon.
             The game lasted 00:01:42 (2679 turns).

Kold the Chopper (Demonspawn Gladiator)             Turns: 2679, Time: 00:01:43

Health: 33/33      AC:  4    Str: 15    XL:     4   Next: 1%
Magic:  4/4        EV: 13    Int:  9    God:    Trog [*.....]
Gold:   66         SH:  0    Dex: 15    Spells: 3/3 levels left

rFire    . . .     SeeInvis .   a - +0 war axe
rCold    . . .     Faith    .   (no shield)
rNeg     . . .     Spirit   .   b - +0 leather armour
rPois    .         Reflect  .   c - +0 helmet
rElec    .         Harm     .   (no cloak)
rCorr    .         Rampage  .   (no gloves)
Will     .....                  (no boots)
Stlth    +.........             (no amulet)
HPRegen  0.11/turn              (no ring)
MPRegen  0.09/turn              (no ring)

@: no status effects
A: hooves 1, demonic guardian 1
a: Renounce Religion, Berserk


You were on level 3 of the Dungeon.
You worshipped Trog.
Trog was aware of your devotion.
You visited 1 branch of the dungeon, and saw 3 of its levels.

You collected 66 gold pieces.

Inventory:

Hand Weapons
 a - a +0 war axe (weapon)
Missiles
 d - 3 throwing nets (quivered)
Armour
 b - a +0 leather armour (worn)
 c - a +0 helmet (worn)
Jewellery
 m - a +6 ring of intelligence
Scrolls
 e - 3 scrolls of identify {unknown}
 f - 2 scrolls of vulnerability {unknown}
 g - 5 scrolls of teleportation {unknown}
 j - 3 scrolls of amnesia {unknown}
Potions
 h - a potion of heal wounds {unknown}
 i - a potion of flight {unknown}
 k - a potion of attraction {unknown}
 l - a potion of curing {unknown}


   Skills:
 - Level 2.0 Fighting
 + Level 3.7 Axes
 - Level 1.7 Throwing
 + Level 3.6 Dodging


You had 3 spell levels left.
You didn't know any spells.
Your spell library was empty.

Dungeon Overview and Level Annotations

Branches:
Dungeon (3/15)

Altars:
Trog


Innate Abilities, Weirdness & Mutations

You have large cloven feet.
A weak demonic guardian rushes to your aid.


Message History

You feel the presence of a demonic guardian.
Found a stone staircase leading up.
Found a spear.
Found a stone staircase leading down.
You now have 62 gold pieces (gained 18).
There is a stone staircase leading down here.
Found a war axe.
You now have 66 gold pieces (gained 4).
You see here a +0 war axe.
e - 3 scrolls labelled KOSUARGHEO NERU (gained 1)
A kobold comes into view. It is wielding a +0 dagger.
A kobold is nearby!
A kobold is nearby!
A kobold is nearby!
The kobold throws a stone.
The stone hits you but does no damage.
The kobold throws a stone.
The stone hits you but does no damage.
You closely miss the kobold. The kobold barely misses you.
The kobold hits you with a +0 dagger.
You hit the kobold but do no damage. The kobold completely misses you.
You barely miss the kobold. The kobold hits you but does no damage.
You slash the kobold!
You kill the kobold!
Trog accepts your kill.
No target in view!
No target in view!
Key pressed, stopping explore.
HP restored.
Things that are here:
a +0 dagger; 5 stones; a kobold corpse
Found a stone staircase leading down.
There is a stone staircase leading down here.
A ball python comes into view.
A ball python is nearby!
A ball python is nearby!
A ball python is nearby!
Save game and exit?
Welcome back, Kold the Demonspawn Gladiator.
Trog says: Kill them all!
Press ? for a list of commands and other information.
Are you sure you want to abandon this character and quit the game? (Confirm with "yes".)

#.#.# #.# #.#.# #S# #.. #####.#.#
#.# ### #.......# #.# #.###.###
#.# #.# #.# #.# #.# #.# #.# #.#
#.# #.# ###.###.# ##@# #.......#
#..# #.#.##### #.## #<#.# #>#
#### ##.#.#### #.# #... #.......#
#.# #.## .....##.## #.# #.##
.........######.##############.##
)............................#.#


You could see a ball python (asleep).

Vanquished Creatures
  3 adders (D:2)
  2 worms (D:2)
  A ball python (D:2)
  3 bats
  2 endoplasms (D:1)
  3 goblins (D:1)
  8 hobgoblins
  2 jackals (D:1)
  A quokka (D:2)
  2 frilled lizards
  7 kobolds
  A rat (D:1)
35 creatures vanquished.

Vanquished Creatures (others)
  7 toadstools (D:1)
7 creatures vanquished.

Grand Total: 42 creatures vanquished

Notes
Turn   | Place    | Note
-------+----------+-------------------------------------------
     0 | D:1      | Kold the Demonspawn Gladiator began the quest for the Orb.
     0 | D:1      | Reached XP level 1. HP: 16/16 MP: 1/1
   551 | D:1      | Gained mutation: You have large cloven feet. [demonic
                  | ancestry]
   551 | D:1      | Reached XP level 2. HP: 13/22 MP: 2/2
  1545 | D:2      | Found a faded altar of an unknown god.
  1564 | D:2      | Became a worshipper of Trog the Wrathful
  1564 | D:2      | Reached * piety under Trog
  1612 | D:2      | Reached XP level 3. HP: 26/27 MP: 3/3
  2506 | D:3      | Gained mutation: A weak demonic guardian rushes to your
                  | aid. [demonic ancestry]
  2506 | D:3      | Reached XP level 4. HP: 33/33 MP: 4/4
  2679 | D:3      | Quit the game

Illustrated notes

Levels and vault maps discovered:
D:1:      nagdon_arrival_double_spiral, layout_basic
D:2:      layout_basic, dreamdust_ecumenical_altar_statues, minivault_25,
          minmay_pentomino_w2
D:3:      layout_loops_ring

Skill      XL: |  1 |
---------------+----+-----
Axes           | 3 |  3.7
Dodging        | 3 |  3.6
Fighting       | |  2.0
Throwing       | |  1.7

Action                   |  1- 3 |  4- 6 || total
-------------------------+-------+-------++-------
Melee: War axe           |   102 |     4 ||   106
       Kick              |    19 |       ||    19
 Stab: Sleeping          |     1 |       ||     1
Armor: Leather armour    |    37 |     3 ||    40
Dodge: Dodged            |    75 |     2 ||    77

Table legend: (Time is in decaauts)
 A = Elapsed time spent in this place.
 B = Non-inter-level travel time spent in this place.
 C = Inter-level travel time spent in this place.
 D = Time resting spent in this place.
 E = Time spent auto-exploring this place.
 F = Levels seen in this place.
 G = Mean time per level.
                   A        B        C        D        E       F      G
               +--------+--------+--------+--------+--------+-----+--------+
         Total |   2715 |   2606 |    109 |      0 |   2336 |   3 |  905.0 |
       Dungeon |   2715 |   2606 |    109 |      0 |   2336 |   3 |  905.0 |
               +--------+--------+--------+--------+--------+-----+--------+

Top non-repeatable levels by time:
     D:1: 1563 daAuts
     D:2: 898 daAuts
     D:3: 254 daAuts
